 Dungeon Crawl Stone Soup version 0.29-a0-872-g797fff5ad1 (webtiles) character file.

Game seed: 14864117144511308410

197123 Snarg the Spry (level 17, -11/92 HPs)
             Began as a Spriggan Arcane Marksman on July 4, 2022.
             Was a High Priest of Jiyva.
             Killed from afar by a will-o-the-wisp (18 damage)
             ... with a foxfire
             ... on level 1 of the Swamp on July 19, 2022.
             The game lasted 05:17:52 (35823 turns).

Snarg the Spry (Spriggan Arcane Marksman)          Turns: 35823, Time: 05:17:55

Health: -11/92     AC:  9    Str:  6    XL:     17   Next: 34%
Magic:  31/31      EV: 31    Int: 23    God:    Jiyva [*****.]
Gold:   1420       SH:  0    Dex: 17    Spells: 9/34 levels left

rFire   . . .      SeeInvis +   b - +11 short sword of Brawling {protect, rN+ Will+ Str-4}
rCold   . . .      Faith    .   (no shield)
rNeg    + . .      Spirit   .   D - +1 steam dragon scales
rPois   +          Reflect  .   (helmet unavailable)
rElec   .          Harm     .   x - +2 cloak
rCorr   +          Rampage  .   (gloves unavailable)
Will    +++..                   (boots unavailable)
Stlth   +++.......              z - amulet of regeneration
HPRegen 2.49/turn               y - +4 ring of slaying
MPRegen 0.67/turn               M - +6 ring of intelligence

@: invisible, slow
A: very small, no large weapons, unfitting armour, see invisible, speed 3,
antennae 3, talons 1, iridescent scales 1, poison resistance, robust 1, acidic
bite, eyeballs 1, pseudopods 1, tendrils, jelly sensing items, engulf
}: 2/15 runes: serpentine, slimy
a: Renounce Religion, Oozemancy, Slimify


You were on level 1 of the Swamp.
You worshipped Jiyva.
Jiyva was extremely pleased with you.
You visited 7 branches of the dungeon, and saw 34 of its levels.
You also visited: Sewer.

You collected 1735 gold pieces.
You spent 315 gold pieces at shops.

Inventory:

Hand Weapons
 a - the +4 shortbow "Koiketh" {freeze, rF+ rC+ rCorr}
   (You found it on level 5 of the Pits of Slime)

   Any ammunition fired from it freezes those it strikes, dealing additional
   cold damage.
   It can also slow down cold-blooded creatures.
   rF:        It protects you from fire.
   rC:        It protects you from cold.
   rCorr:     It protects you from acid and corrosion.
 b - the +11 short sword of Brawling (weapon) {protect, rN+ Will+ Str-4}
   (You found it on level 4 of the Dungeon)

   It grants its wielder temporary protection when it strikes (+7 to AC).
   Str:       It affects your strength (-4).
   rN:        It protects you from negative energy.
   Will:      It increases your willpower.
 l - a +1 shortbow of flaming
 q - a +3 dagger of holy wrath
 E - the +1 short sword "Ubiosiuq" {freeze, rC+ Str+4}
   (You found it on level 15 of the Dungeon)

   It freezes those it strikes, dealing additional cold damage.
   It can also slow down cold-blooded creatures.
   Str:       It affects your strength (+4).
   rC:        It protects you from cold.
 H - a +0 rapier of venom
Missiles
 i - 9 silver boomerangs
 U - 7 curare-tipped darts
Armour
 j - +0 fire dragon scales
 x - a +2 cloak (worn)
 D - +1 steam dragon scales (worn)
 T - a +2 buckler
Jewellery
 d - a ring of poison resistance
 m - a ring of flight
 y - a +4 ring of slaying (left hand)
 z - an amulet of regeneration (around neck)
 I - a ring of protection from cold
 L - the ring "Inteco Umpu" {Ice rElec}
   (You found it on level 12 of the Dungeon)

   [ring of ice]

   It enhances your ice magic.
   rF:        It makes you vulnerable to fire.
   rC:        It protects you from cold.
   rElec:     It insulates you from electricity.
 M - a +6 ring of intelligence (right hand)
 Y - a ring of willpower
 Z - a ring of fire
Wands
 o - a wand of iceblast (2)
 u - a wand of digging (1)
 Q - a wand of flame (18)
 R - a wand of acid (5)
 W - a wand of paralysis (14)
Scrolls
 c - 4 scrolls of identify
 s - 8 scrolls of teleportation
 v - 3 scrolls of immolation
 A - 2 scrolls of fear
 B - 2 scrolls of vulnerability
 F - a scroll of silence
 J - 2 scrolls of poison
 K - 2 scrolls of summoning
 O - 3 scrolls of amnesia
Potions
 e - 6 potions of heal wounds
 f - a potion of haste
 g - 3 potions of ambrosia
 h - 7 potions of lignification
 k - 5 potions of magic
 n - 2 potions of curing
 p - 2 potions of invisibility
 t - a potion of berserk rage
 w - 3 potions of might
 C - a potion of resistance
 G - 2 potions of brilliance
 P - 4 potions of cancellation
 S - a potion of flight
 V - 3 potions of mutation
Miscellaneous
 N - a phial of floods
 X - a tin of tremorstones (inert)


   Skills:
 - Level 7.0 Fighting
 - Level 11.6 Short Blades
 - Level 16.0 Ranged Weapons
 - Level 1.0 Throwing
 * Level 3.1 Armour
 + Level 18.8 Dodging
 * Level 11.5 Stealth
 - Level 9.0 Spellcasting
 - Level 3.0 Conjurations
 + Level 16.5 Hexes
 + Level 9.7 Translocations
 - Level 3.0 Fire Magic
 + Level 6.7 Evocations


You had 9 spell levels left.
You knew the following spells:

 Your Spells              Type           Power      Damage    Failure   Level
a - Slow                  Hex            100%       N/A       0%          1
b - Inner Flame           Hex/Fire       53%        N/A       1%          3
c - Portal Projectile     Hex/Tloc       100%       N/A       1%          3
d - Cause Fear            Hex            36%        N/A       1%          4
e - Confusing Touch       Hex            72%        N/A       1%          3
f - Passage of Golubria   Tloc           53%        N/A       1%          4
g - Dazzling Flash        Conj/Hex       100%       N/A       1%          3
h - Iskenderun's Mystic   Conj/Tloc      39%        2d9       4%          4

Your spell library contained the following spells:

 Spells                   Type           Power      Damage    Failure   Level
 Freeze                   Ice            40%        1d6       6%          1
 Silence                  Hex/Air        24%        N/A       6%          5
 Poisonous Vapours        Pois/Air       20%        N/A       10%         2
 Sublimation of Blood     Necr           10%        N/A       10%         2
 Stone Arrow              Conj/Erth      34%        3d9       10%         3
 Frozen Ramparts          Ice            20%        1d4       19%         3
 Vampiric Draining        Necr           10%        2d6       19%         3
 Hailstorm                Conj/Ice       17%        3d6       32%         4
 Fireball                 Conj/Fire      12%        3d7       45%         5
 Petrify                  Tmut/Erth      10%        N/A       52%         4
 Summon Lightning Spire   Summ/Air       10%        N/A       52%         4
 Irradiate                Conj/Tmut      8%         3d14      67%         5
 Freezing Cloud           Conj/Ice/Air   7%         6-21      75%         5
 Alistair's Intoxication  Tmut/Pois      6%         N/A       86%         5
 Starburst                Conj/Fire      12%        6d5       95%         6
 Lehudib's Crystal Spear  Conj/Erth      8%         10d4      100%        8


Dungeon Overview and Level Annotations

Branches:
Dungeon (15/15)            Temple (1/1) D:4            Lair (6/6) D:9
  Swamp (1/4) Lair:3        Snake (4/4) Lair:2        Slime (5/5) Lair:5
    Orc (2/2) D:12            Elf (0/3) Orc:2        Vaults (0/5) D:14
 Depths (0/4) D:15          Sewer (visited)

Altars:
Ashenzari
Cheibriados
Dithmenos
Elyvilon
Fedhas
Gozag
Hepliaklqana
Kikubaaqudgha
Makhleb
Nemelex Xobeh
Okawaru
Qazlal
Ru
Sif Muna
Trog
Uskayaw
Vehumet
Wu Jian
Xom
Yredelemnul
Zin
The Shining One
Jiyva

Shops:
D:8 (   D:10 !   D:13 :   Orc:2 [*(=   Snake:2 *:   Snake:3 =(

Annotations:
D:1 clr
D:2 clr
D:4 clr
D:5 clr
D:6 clr
D:7 clr
D:8 clr
D:9 clr
D:10 clr
D:11 clr
D:12 clr, mini stash (behind runed door may get eaten?)
D:13 crl
D:14 clr
D:15 clr
Lair:1 clr
Lair:2 clr
Lair:3 clr
Lair:4 clr
Lair:5 clr
Lair:6 clr
Swamp:1 Crowd at stairs 14160
Snake:1 1 runed translucent door
Snake:2 book store
Snake:3 clr
Snake:4 clr
Slime:5 Royal Jelly
Orc:2 clr


Innate Abilities, Weirdness & Mutations

You are very small and have problems with some larger weapons.
You are too small for most types of armour.
You have supernaturally acute eyesight. (SInv)
You cover ground extremely quickly. (Speed+++)
You have a pair of large antennae on your head. (SInv)
You have sharp toenails.
You are partially covered in iridescent scales. (AC +2)
Your system is resistant to poisons. (rPois)
You are robust. (+10% HP)
You have acidic saliva.
Your body has grown eyes which may confuse attackers. (Acc +3)
Armour fits poorly on your pseudopods.
You are covered in slimy tendrils that may disarm your opponents.
You have a small jelly attached to you that senses nearby items.
Your melee attacks may engulf your foes in ooze.


Message History

Moving in this stuff is going to be slow.
Unknown command.
Unknown command.
Unknown command.
Unknown command.
Unknown command.
Unknown command.
The swamp worm completely misses you.
The will-o-the-wisp gestures.
The will-o-the-wisp conjures some foxfire!
The spriggan rider hits you from afar with a +0 spear!! 2 foxfires come into view.
The swamp worm is no longer blind.
The swamp worm fires a harpoon shot at you.
The harpoon shot misses you.
The spriggan rider completely misses you.
Okay, then.
Unknown command.
You fade into invisibility!
The spriggan rider is no longer blind.
The swamp worm fires a harpoon shot at you.
The harpoon shot misses you. The spriggan rider closely misses you.
The spriggan rider hits you with a +0 spear.
You hear a splash.
Your tendrils lash around the spriggan rider's +0 spear and pull it to the ground!
Unknown command.
Unknown command.
Unknown command.
The will-o-the-wisp gestures.
The will-o-the-wisp conjures some foxfire!
The spriggan rider completely misses you. 2 foxfires come into view.
The spriggan rider attacks as you move away!
The spriggan rider completely misses you.
The swamp worm attacks as you move away!
The swamp worm completely misses you. The foxfire hits you!!
* * * LOW HITPOINT WARNING * * *
You shudder from the blast and a jelly pops out!
The foxfire hits you!!
You die...

≈♣ ♣♣♣♣♣♣♣♣≈♣♣
......≈≈.♣♣
...≈≈.≈≈.
♣.≈≈≈..♣♣♣
♣♣.≈.≈≈..≈♣♣
♣.≈≈J♣≈≈.≈.♣♣
♣.≈.≈@≈≈≈.≈≈♣♣♣.
♣.≈♣≈≈vw≈≈≈.....
♣.≈..Fi§§!.^≈≈≈≈
♣≈≈§.≈.♣i§≈≈..≈.
♣.≈≈..>≈v§≈≈.♣.♣
♣.≈≈..<.≈..≈.≈≈≈
♣...≈≈)≈≈.≈≈≈≈.♣
♣....≈≈≈≈≈♣..≈≈♣
♣.........≈≈≈..♣


You could see 2 spriggan riders, a goliath frog, a will-o-the-wisp (ally
target), a swamp worm and a friendly quicksilver ooze (summoned).

Vanquished Creatures
  Rupert (Lair:4)
  A fenstrider witch (Swamp:1)
  The ghost of Kuasaner the Warrior, an adept GrFi of Ashenzari (Snake:2)
  6 nagarajas
  An orc warlord (Orc:2)
  A bunyip (Lair:3)
  Josephine (D:13)
  A shambling mangrove (Lair:3)
  3 salamander tyrants
  A vault guard (D:14)
  7 catoblepae
  A merfolk avatar (Lair:6)
  6 boulder beetles
  A death knight (D:15)
  3 centaur warriors
  11 hydras
  13 naga warriors
  16 anacondas
  3 tengu warriors
  3 two-headed ogres
  6 orc high priests (Orc:2)
  The ghost of Farfigtubin the Zephyrmancer, a journeyman TeAE of Nemelex Xobeh (D:12)
  7 naga sharpshooters
  Lodul (D:11)
  A salamander mystic (Snake:4)
  4 sea snakes
  A spriggan druid (Swamp:1)
  9 naga ritualists
  A bog body (Swamp:1)
  A necromancer (D:15)
  3 orc knights
  A harpy (Lair:6)
  4 oklob plants (Lair:3)
  2 spectral wolf spiders (D:12)
  2 deep elf pyromancers (D:15)
  6 mana vipers
  10 orc sorcerers
  A salamander (shapeshifter) (D:13)
  8 salamanders
  8 manticores
  11 ugly things
  3 spectral centaurs (D:12)
  6 cyclopes
  20 black mambas
  23 elephants
  A guardian serpent (shapeshifter) (D:14)
  5 guardian serpents
  12 naga magi
  A kobold demonologist (D:11)
  A gargoyle (D:14)
  4 yaktaurs (D:14)
  11 cane toads
  4 unseen horrors
  3 rime drakes
  A centaur skeleton (D:15)
  2 freezing wraiths (D:15)
  A tengu conjurer (D:15)
  7 komodo dragons
  A harpy zombie (D:15)
  A tyrant leech (Lair:3)
  3 polar bears
  3 hornets
  8 trolls
  The ghost of riojii the Insei, an amateur DsAK of Lugonu (D:5)
  A wolf spider simulacrum (D:14)
  4 dream sheep (Lair:5)
  A harpy skeleton (D:15)
  6 blink frogs
  3 centaur simulacra
  Sigmund (D:5)
  A wyvern (Lair:5)
  8 spriggans (Lair:3)
  A vampire (D:11)
  7 wraiths
  10 humans (D:14)
  7 basilisks
  16 yaks
  3 vampire mosquitoes
  A steam dragon (shapeshifter) (D:15)
  3 steam dragons
  21 nagas
  Menkaure (D:5)
  4 wargs
  Edmund (D:5)
  12 water moccasins
  2 swamp worms (Lair:3)
  An acid dragon (D:13)
  A black bear (D:9)
  28 orc warriors
  An ice beast (D:6)
  A sky beast (D:7)
  18 ogres
  5 wolves (Lair:3)
  7 centaurs
  2 phantoms
  6 kobold brigands
  2 necrophages
  6 gnoll sergeants
  6 jellies
  2 scorpions
  12 bullfrogs
  11 wights
  4 killer bees (D:7)
  A howler monkey (D:10)
  6 electric eels
  6 hounds
  10 orc priests
  Crazy Yiuf (D:5)
  2 gnoll boudas
  2 iguanas
  15 orc wizards
  A boggart simulacrum (D:15)
  8 adders
  10 gnolls
  2 river rats (D:3)
  4 shadow imps (Sewer)
  A white imp (D:5)
  7 ufetubi
  38 orcs
  13 ball pythons
  5 bats
  2 bat zombies
  3 endoplasms
  5 giant cockroaches
  7 goblins
  6 hobgoblins
  4 jackals
  5 quokkas
  3 frilled lizards
  A giant cockroach zombie (Sewer)
  29 kobolds
  5 rats
  4 rat zombies (D:10)
724 creatures vanquished.

Vanquished Creatures (collateral kills)
  A salamander tyrant (Snake:4)
  A centaur warrior (D:14)
  An alligator (Lair:3)
  2 naga warriors (Snake:4)
  9 naga sharpshooters
  A spriggan druid (Lair:3)
  A naga ritualist (Snake:4)
  A sea snake (Snake:1)
  A mana viper (Snake:1)
  2 ugly things (D:14)
  A salamander (Snake:4)
  4 elephants
  A black mamba (Snake:1)
  2 guardian serpents
  3 komodo dragons
  3 cane toads
  3 rime drakes
  A hornet (D:11)
  A tyrant leech (Lair:3)
  A blink frog (Lair:1)
  5 dream sheep (Lair:2)
  2 wyverns (Lair:5)
  2 nagas (Snake:4)
  A water moccasin (D:7)
  An acid dragon (D:9)
  2 centaurs
  A bullfrog (Lair:4)
  A scorpion (D:7)
  5 killer bees (D:7)
  A white imp (D:7)
  A giant cockroach (D:7)
  A goblin (D:7)
63 creatures vanquished.

Vanquished Creatures (others)
  2 naga warriors
  A naga sharpshooter (Snake:3)
  An ugly thing (D:13)
  A naga mage (Snake:4)
  A black mamba (Snake:3)
  A bloated husk (Swamp:1)
  Grinder (D:3)
  A human (D:14)
  3 nagas (Snake:3)
  A water moccasin (Lair:3)
  An orc warrior (Orc:2)
  2 ogres
  2 necrophages
  79 jellies
  A howler monkey (D:6)
  An iguana (D:6)
  3 orc wizards
  An adder (D:6)
  A river rat (D:3)
  A shadow imp (D:5)
  A white imp (D:6)
  11 orcs
  A ball python (D:4)
  3 endoplasms
  A goblin (D:3)
  A hobgoblin (D:3)
  A bat (Sewer)
  5 rats (D:3)
  A bush (Lair:1)
  3 foxfires (Swamp:1)
  103 fungi
  193 plants
429 creatures vanquished.

Grand Total: 1216 creatures vanquished

Notes
Turn   | Place    | Note
-------+----------+-------------------------------------------
     0 | D:1      | Snarg the Spriggan Arcane Marksman began the quest for the
                  | Orb.
     0 | D:1      | Reached XP level 1. HP: 9/9 MP: 3/3
   390 | D:1      | Reached XP level 2. HP: 14/14 MP: 3/5
  1105 | D:1      | Reached XP level 3. HP: 17/17 MP: 4/6
  1159 | D:2      | Learned a level 3 spell: Inner Flame
  1467 | D:2      | Reached skill level 3 in Dodging
  1745 | D:2      | Found a faded altar of an unknown god.
  1759 | D:2      | Reached skill level 1 in Fighting
  1765 | D:2      | Prayed at the altar of an unknown god.
  1765 | D:2      | Became a worshipper of Jiyva Juapuip the Shapeless
  1765 | D:2      | Reached * piety under Jiyva
  2345 | D:3      | Reached XP level 4. HP: 22/22 MP: 7/7
  2514 | D:3      | Noticed Grinder
  2563 | D:3      | Found an iron altar of Okawaru.
  2653 | D:3      | Found a blossoming altar of Fedhas.
  2811 | D:3      | Paralysed by Grinder for 4 turns
  2811 | D:3      | Killed Grinder
  2812 | D:3      | Reached skill level 1 in Fire Magic
  2812 | D:3      | Reached XP level 5. HP: 25/25 MP: 7/9
  2861 | D:3      | Found a glowing drain.
  2878 | Sewer    | Entered a sewer
  2898 | Sewer    | Reached skill level 1 in Stealth
  2985 | Sewer    | Reached ** piety under Jiyva
  3072 | Sewer    | Reached XP level 6. HP: 30/30 MP: 10/10
  3324 | Sewer    | Reached skill level 1 in Short Blades
  3324 | Sewer    | Reached skill level 5 in Ranged Weapons
  3406 | Sewer    | Reached skill level 5 in Hexes
  3478 | Sewer    | Reached skill level 1 in Throwing
  3530 | Sewer    | Reached XP level 7. HP: 33/33 MP: 11/11
  3534 | Sewer    | Found an ancient bone altar of Kikubaaqudgha.
  3860 | D:4      | Reached skill level 1 in Evocations
  4054 | D:4      | Found a staircase to the Ecumenical Temple.
  4251 | D:4      | Found a broken altar of Ashenzari.
  4342 | D:4      | Learned a level 3 spell: Portal Projectile
  4353 | D:4      | Reached *** piety under Jiyva
  4433 | D:4      | Gained mutation: You are agile. (Dex +4, Str/Int -1)
                  | [Jiyva's grace]
  4433 | D:4      | Gained mutation: You are very agile. (Dex +8, Str/Int -2)
                  | [Jiyva's grace]
  4433 | D:4      | Gained mutation: You have sharp toenails. [Jiyva's grace]
  4433 | D:4      | Gained mutation: You have razor-sharp toenails. [Jiyva's
                  | grace]
  4467 | D:4      | Identified the +11 short sword of Brawling {protect, rN+
                  | Will+ Str-4}
  4567 | D:4      | You fall into a shaft and drop 2 floors!
  5056 | D:6      | Reached skill level 1 in Translocations
  5288 | D:6      | Reached skill level 4 in Dodging
  5288 | D:6      | Reached XP level 8. HP: 26/37 MP: 12/12
  5660 | D:6      | Reached **** piety under Jiyva
  5743 | D:5      | Entered Level 5 of the Dungeon
  5808 | D:5      | Noticed Menkaure
  5982 | D:5      | Found a hide-covered altar of Uskayaw.
  6014 | D:5      | Noticed Edmund
  6045 | D:5      | Killed Edmund
  6070 | D:5      | Found a shadowy altar of Dithmenos.
  6152 | D:5      | Found a runed translucent door.
  6175 | D:5      | Killed Menkaure
  6176 | D:5      | Reached skill level 5 in Dodging
  6225 | D:5      | Got the Reference Book on Glacial Envenoming
  6231 | D:5      | Learned a level 4 spell: Cause Fear
  6284 | D:5      | Reached ***** piety under Jiyva
  6288 | D:5      | Noticed Sigmund
  6291 | D:5      | Killed Sigmund
  6292 | D:5      | Reached skill level 5 in Short Blades
  6323 | D:5      | Noticed riojii's ghost (amateur DsAK)
  6497 | D:5      | Found a stormy altar of Qazlal.
  6536 | D:5      | Found a runed translucent door.
  6537 | D:5      | Noticed Crazy Yiuf
  6560 | D:5      | Killed Crazy Yiuf
  6961 | D:5      | Killed riojii's ghost
  6962 | D:5      | Reached XP level 9. HP: 41/41 MP: 13/13
  7571 | D:7      | Gained mutation: Your mind is acute. (Int +4, Str/Dex -1)
                  | [Jiyva's grace]
  7571 | D:7      | Gained mutation: Your mind is very acute. (Int +8, Str/Dex
                  | -2) [Jiyva's grace]
  7571 | D:7      | Gained mutation: You have acidic saliva. [Jiyva's grace]
  7571 | D:7      | Lost mutation: You have razor-sharp toenails. [Jiyva's
                  | grace]
  7571 | D:7      | Lost mutation: You have sharp toenails. [Jiyva's grace]
  7571 | D:7      | Gained mutation: You have large cloven feet. [Jiyva's
                  | grace]
  7690 | D:7      | Reached skill level 6 in Dodging
  7704 | D:7      | Found a shimmering altar of Xom.
  7820 | D:7      | Was placed under penance by Jiyva
  8063 | D:7      | Found a glowing silver altar of Zin.
  8067 | D:7      | Found a sparkling altar of Nemelex Xobeh.
  8071 | D:7      | Found a glowing golden altar of the Shining One.
  8099 | D:7      | Was forgiven by Jiyva
  8107 | D:7      | Reached skill level 7 in Dodging
  8394 | Temple   | Entered the Ecumenical Temple
  8701 | D:8      | Found a basalt altar of Yredelemnul.
  8834 | D:8      | Reached XP level 10. HP: 46/46 MP: 15/15
  9057 | D:8      | Reached skill level 8 in Dodging
  9188 | D:8      | Found a sacrificial altar of Ru.
  9272 | D:8      | Found Tazega's Weapon Shoppe.
  9772 | D:9      | Found a staircase to the Lair.
 10094 | D:9      | Noticed a two-headed ogre
 10122 | D:9      | Killed a two-headed ogre
 10123 | D:9      | Reached skill level 9 in Dodging
 10123 | D:9      | Reached skill level 5 in Stealth
 10123 | D:9      | Reached skill level 10 in Hexes
 10192 | Lair:1   | Entered Level 1 of the Lair of Beasts
 10192 | Lair:1   | Noticed a six-headed hydra
 10224 | D:9      | Killed a six-headed hydra
 10303 | Lair:1   | Noticed an elephant
 10303 | Lair:1   | Noticed an elephant
 10303 | Lair:1   | Noticed an elephant
 10402 | Lair:1   | Killed an elephant
 10499 | Lair:1   | Noticed a cane toad
 10525 | Lair:1   | Killed a cane toad
 10526 | Lair:1   | Reached XP level 11. HP: 50/50 MP: 16/16
 10766 | Lair:1   | Reached skill level 10 in Dodging
 10789 | Lair:1   | Lost mutation: You are very agile. (Dex +8, Str/Int -2)
                  | [Jiyva's grace]
 10789 | Lair:1   | Lost mutation: You have acidic saliva. [Jiyva's grace]
 10789 | Lair:1   | Gained mutation: Armour fits poorly on your pseudopods.
                  | [Jiyva's grace]
 10789 | Lair:1   | Gained mutation: Armour fits poorly on your large
                  | pseudopods. [Jiyva's grace]
 10789 | Lair:1   | Gained mutation: Armour fits poorly on your massive
                  | pseudopods. [Jiyva's grace]
 10789 | Lair:1   | Gained mutation: You are partially covered in iridescent
                  | scales. (AC +2) [Jiyva's grace]
 10954 | Lair:1   | Reached skill level 11 in Dodging
 11215 | Lair:1   | Noticed a catoblepas
 11435 | Lair:1   | Killed a catoblepas
 11470 | Lair:1   | Reached skill level 12 in Dodging
 12057 | Lair:2   | Noticed Urug
 12065 | Lair:2   | Slimified Urug
 12065 | Lair:2   | Noticed Urug
 12065 | Lair:2   | Urug changed into Urug the slime creature
 12124 | Lair:2   | Reached XP level 12. HP: 54/54 MP: 17/17
 12508 | Lair:2   | Found a staircase to the Snake Pit.
 13056 | Lair:3   | Reached skill level 10 in Ranged Weapons
 13093 | Lair:3   | Noticed a catoblepas
 13137 | Lair:3   | Lost mutation: Armour fits poorly on your massive
                  | pseudopods. [Jiyva's grace]
 13137 | Lair:3   | Gained mutation: You have a small jelly attached to you
                  | that senses nearby items. [Jiyva's grace]
 13137 | Lair:3   | Gained mutation: Your body has grown eyes which may confuse
                  | attackers. (Acc +3) [Jiyva's grace]
 13137 | Lair:3   | Gained mutation: Your body has grown many eyes which may
                  | confuse attackers. (Acc +5) [Jiyva's grace]
 13137 | Lair:3   | Gained mutation: Your body is covered in eyes which may
                  | confuse attackers. (Acc +7, SInv) [Jiyva's grace]
 13237 | Lair:3   | Noticed a boulder beetle
 13316 | Lair:3   | Upgraded the game from 0.29-a0-802-g34511f41fd to
                  | 0.29-a0-813-g4a14ea37d6
 13369 | Lair:3   | Killed a boulder beetle
 13458 | Lair:3   | Reached skill level 13 in Dodging
 13497 | Lair:3   | Found a staircase to the Swamp.
 13939 | Lair:3   | Noticed a six-headed hydra
 13953 | Lair:3   | Killed a six-headed hydra
 14054 | Lair:3   | Reached ****** piety under Jiyva
 14087 | Lair:3   | Learned a level 3 spell: Confusing Touch
 14723 | Lair:4   | Reached skill level 5 in Evocations
 14751 | Lair:4   | Noticed Rupert
 14811 | Lair:4   | Lost mutation: Armour fits poorly on your large pseudopods.
                  | [Jiyva's grace]
 14811 | Lair:4   | Lost mutation: You have large cloven feet. [Jiyva's grace]
 14811 | Lair:4   | Gained mutation: You have sharp toenails. [Jiyva's grace]
 14811 | Lair:4   | Gained mutation: You have razor-sharp toenails. [Jiyva's
                  | grace]
 14811 | Lair:4   | Gained mutation: You have claws for feet. [Jiyva's grace]
 14811 | Lair:4   | Gained mutation: You have an increased reservoir of magic.
                  | (+10% MP) [Jiyva's grace]
 15189 | Lair:4   | Noticed a boulder beetle
 15220 | Lair:4   | Killed a boulder beetle
 15423 | Lair:4   | Noticed a catoblepas
 15504 | Lair:4   | Killed a catoblepas
 15851 | Lair:4   | Paralysed by Rupert for 5 turns
 15886 | Lair:4   | Killed Rupert
 15887 | Lair:4   | Reached XP level 13. HP: 60/60 MP: 17/21
 15898 | Lair:4   | Upgraded the game from 0.29-a0-813-g4a14ea37d6 to
                  | 0.29-a0-817-g9904bce7a6
 15946 | Lair:4   | Learned a level 4 spell: Passage of Golubria
 16269 | Lair:5   | Reached skill level 1 in Armour
 16510 | Lair:5   | Found a viscous altar of Jiyva.
 16510 | Lair:5   | Found a staircase to the Slime Pits.
 16574 | Slime:1  | Entered Level 1 of the Pits of Slime
 16576 | Slime:1  | Noticed an acid blob
 16582 | Slime:1  | Noticed a rockslime
 16593 | Slime:1  | Noticed an acid blob
 16597 | Slime:1  | Noticed an azure jelly
 16666 | Slime:1  | Noticed a rockslime
 16792 | Slime:3  | Noticed a quicksilver ooze
 16794 | Slime:3  | Noticed a quicksilver ooze
 16797 | Slime:4  | Noticed an azure jelly
 16801 | Slime:5  | Entered Level 5 of the Pits of Slime
 16804 | Slime:5  | Noticed an acid blob
 16820 | Slime:5  | Found a viscous altar of Jiyva.
 16821 | Slime:5  | Noticed an acid blob
 16823 | Slime:5  | Noticed an acid blob
 16823 | Slime:5  | Noticed an acid blob
 16824 | Slime:5  | Noticed an acid blob
 16824 | Slime:5  | Noticed an acid blob
 16824 | Slime:5  | Noticed an azure jelly
 16824 | Slime:5  | Noticed an acid blob
 16825 | Slime:5  | Identified the +0 falchion "Jifeodetesch" {flame, Contam
                  | rCorr Dex+7}
 16826 | Slime:5  | Noticed the Royal Jelly
 16826 | Slime:5  | Noticed an acid blob
 16829 | Slime:5  | Got the Discursus on the Welkin and Conjuration
 16829 | Slime:5  | Noticed an acid blob
 16831 | Slime:5  | Got a slimy rune of Zot
 16832 | Slime:5  | Noticed a quicksilver ooze
 16834 | Slime:5  | Noticed a quicksilver ooze
 16836 | Slime:5  | Noticed an acid blob
 16854 | Slime:5  | Identified the +4 shortbow "Koiketh" {freeze, rF+ rC+
                  | rCorr}
 16891 | Slime:5  | Noticed a quicksilver ooze
 16892 | Slime:5  | Noticed an acid blob
 17051 | Slime:5  | Noticed a quicksilver ooze
 17139 | Slime:3  | Noticed an azure jelly
 17145 | Slime:3  | Noticed an azure jelly
 17367 | Snake:1  | Entered Level 1 of the Snake Pit
 17498 | Snake:1  | Reached skill level 5 in Translocations
 17659 | Snake:1  | Lost mutation: You have claws for feet. [Jiyva's grace]
 17659 | Snake:1  | Lost mutation: You have razor-sharp toenails. [Jiyva's
                  | grace]
 17659 | Snake:1  | Lost mutation: You are partially covered in iridescent
                  | scales. (AC +2) [Jiyva's grace]
 17659 | Snake:1  | Lost mutation: You have an increased reservoir of magic.
                  | (+10% MP) [Jiyva's grace]
 17659 | Snake:1  | Lost mutation: Your body is covered in eyes which may
                  | confuse attackers. (Acc +7, SInv) [Jiyva's grace]
 17659 | Snake:1  | Gained mutation: You have a pair of small horns on your
                  | head. [Jiyva's grace]
 17659 | Snake:1  | Gained mutation: You have a pair of horns on your head.
                  | [Jiyva's grace]
 17659 | Snake:1  | Gained mutation: You have a pair of large horns on your
                  | head. [Jiyva's grace]
 17659 | Snake:1  | Gained mutation: You have razor-sharp toenails. [Jiyva's
                  | grace]
 17831 | Snake:1  | Reached skill level 5 in Spellcasting
 17902 | Snake:1  | Reached skill level 14 in Dodging
 18329 | Snake:1  | Noticed a green death
 18331 | Snake:1  | Noticed a green death
 18349 | Snake:1  | Found a runed translucent door.
 18867 | Snake:2  | Found a runed translucent door.
 18875 | Snake:2  | Identified the +10 quarterstaff "Ogreslayer" {spect, *Noise
                  | rElec rC+ MP+9}
 18986 | Snake:2  | Found Luleyshra's Assorted Antiques.
 18994 | Snake:2  | Bought 2 scrolls labelled ZAESHY YTOO for 90 gold pieces
 19011 | Snake:2  | Reached XP level 14. HP: 55/66 MP: 15/22
 19058 | Snake:2  | Found Muyts's Tremendous Tomes.
 19283 | Snake:2  | Found a stormy altar of Qazlal.
 19311 | Snake:2  | Lost mutation: You have a pair of large horns on your head.
                  | [Jiyva's grace]
 19311 | Snake:2  | Lost mutation: Your mind is very acute. (Int +8, Str/Dex
                  | -2) [Jiyva's grace]
 19311 | Snake:2  | Lost mutation: Your body has grown many eyes which may
                  | confuse attackers. (Acc +5) [Jiyva's grace]
 19311 | Snake:2  | Gained mutation: You are partially covered in iridescent
                  | scales. (AC +2) [Jiyva's grace]
 19311 | Snake:2  | Gained mutation: You are mostly covered in iridescent
                  | scales. (AC +4) [Jiyva's grace]
 19311 | Snake:2  | Gained mutation: You are completely covered in iridescent
                  | scales. (AC +6) [Jiyva's grace]
 19311 | Snake:2  | Gained mutation: Your movements are slightly less
                  | encumbered by armour. (ER -2) [Jiyva's grace]
 19451 | Snake:2  | Noticed a nagaraja
 19468 | Snake:2  | Killed a nagaraja
 20155 | Snake:2  | Learned a level 3 spell: Dazzling Flash
 20193 | Snake:2  | Noticed Kuasaner's ghost (adept GrFi)
 20382 | Swamp:1  | Entered Level 1 of the Swamp
 21066 | Lair:6   | Entered Level 6 of the Lair of Beasts
 21116 | Lair:6   | Reached skill level 15 in Ranged Weapons
 21440 | Lair:6   | Reached skill level 1 in Conjurations
 21750 | Lair:6   | Upgraded the game from 0.29-a0-817-g9904bce7a6 to
                  | 0.29-a0-821-g66395355a5
 21905 | Lair:6   | Reached skill level 15 in Dodging
 21925 | Lair:6   | Lost mutation: You have a pair of horns on your head.
                  | [Jiyva's grace]
 21925 | Lair:6   | Lost mutation: You have razor-sharp toenails. [Jiyva's
                  | grace]
 21925 | Lair:6   | Lost mutation: You are completely covered in iridescent
                  | scales. (AC +6) [Jiyva's grace]
 21925 | Lair:6   | Lost mutation: You are mostly covered in iridescent scales.
                  | (AC +4) [Jiyva's grace]
 21925 | Lair:6   | Lost mutation: You are partially covered in iridescent
                  | scales. (AC +2) [Jiyva's grace]
 21925 | Lair:6   | Lost mutation: You are agile. (Dex +4, Str/Int -1) [Jiyva's
                  | grace]
 21925 | Lair:6   | Lost mutation: Your mind is acute. (Int +4, Str/Dex -1)
                  | [Jiyva's grace]
 21925 | Lair:6   | Gained mutation: You are covered in slimy tendrils that may
                  | disarm your opponents. [Jiyva's grace]
 21925 | Lair:6   | Gained mutation: You are robust. (+10% HP) [Jiyva's grace]
 21925 | Lair:6   | Gained mutation: You are very robust. (+20% HP) [Jiyva's
                  | grace]
 21925 | Lair:6   | Gained mutation: You are extremely robust. (+30% HP)
                  | [Jiyva's grace]
 22901 | Snake:3  | Reached XP level 15. HP: 91/91 MP: 22/25
 22924 | Snake:2  | Upgraded the game from 0.29-a0-821-g66395355a5 to
                  | 0.29-a0-823-gc37b1572da
 22988 | Snake:2  | Identified the +1 plate armour "Nusucyck" {rElec rF+}
 23149 | Snake:2  | Killed Kuasaner's ghost
 23294 | Snake:3  | Noticed Nikola
 23440 | Snake:3  | Reached skill level 16 in Dodging
 23702 | Snake:3  | Found Gyreg's Jewellery Shoppe.
 23706 | Snake:3  | Found Cinets's Weapon Shoppe.
 23788 | Snake:3  | Slimified Nikola
 23788 | Snake:3  | Noticed Nikola
 23788 | Snake:3  | Nikola changed into Nikola the azure jelly
 23838 | Snake:3  | Was placed under penance by Jiyva
 23888 | Snake:3  | Lost mutation: You have a small jelly attached to you that
                  | senses nearby items. [the all-consuming vengeance of Jiyva]
 24271 | Snake:3  | Was forgiven by Jiyva
 24589 | Snake:4  | Entered Level 4 of the Snake Pit
 24599 | Snake:4  | Noticed a nagaraja
 24618 | Snake:4  | Killed a nagaraja
 24631 | Snake:4  | Upgraded the game from 0.29-a0-823-gc37b1572da to
                  | 0.29-a0-838-g385bb11a5b
 25040 | Snake:4  | Reached skill level 17 in Dodging
 25122 | Snake:4  | Was placed under penance by Jiyva
 25528 | Snake:4  | Reached skill level 5 in Fighting
 25770 | Snake:4  | Reached skill level 10 in Short Blades
 26164 | D:10     | Entered Level 10 of the Dungeon
 26325 | D:10     | Was forgiven by Jiyva
 26501 | D:10     | Found an ancient bone altar of Kikubaaqudgha.
 26756 | D:10     | Found Adaps's Distillery.
 26765 | D:10     | Bought a potion of resistance for 150 gold pieces
 26765 | D:10     | Bought a potion of berserk rage for 75 gold pieces
 27367 | Snake:4  | Noticed a nagaraja
 27367 | Snake:4  | Noticed a nagaraja
 27377 | Snake:4  | Noticed a nagaraja
 27377 | Snake:4  | Noticed a nagaraja
 27482 | Snake:4  | Killed a nagaraja
 27506 | Snake:4  | Killed a nagaraja
 27507 | Snake:4  | Reached XP level 16. HP: 100/100 MP: 18/27
 27644 | Snake:4  | Reached skill level 18 in Dodging
 27795 | Snake:4  | Got a serpentine rune of Zot
 28012 | D:11     | Lost mutation: You have a pair of small horns on your head.
                  | [Jiyva's grace]
 28012 | D:11     | Lost mutation: You are extremely robust. (+30% HP) [Jiyva's
                  | grace]
 28012 | D:11     | Gained mutation: You are partially covered in iridescent
                  | scales. (AC +2) [Jiyva's grace]
 28012 | D:11     | Gained mutation: You are mostly covered in iridescent
                  | scales. (AC +4) [Jiyva's grace]
 28012 | D:11     | Gained mutation: You are completely covered in iridescent
                  | scales. (AC +6) [Jiyva's grace]
 28012 | D:11     | Gained mutation: You have a small jelly attached to you
                  | that senses nearby items. [Jiyva's grace]
 28643 | D:11     | Noticed Lodul
 28671 | D:11     | Killed Lodul
 28898 | D:12     | Reached skill level 15 in Hexes
 28915 | D:12     | Identified the ring "Inteco Umpu" {Ice rElec}
 29312 | D:12     | Found a runed translucent gate.
 29313 | D:12     | Found a runed translucent gate.
 29314 | D:12     | Found a runed translucent gate.
 29315 | D:12     | Noticed Farfigtubin's ghost (journeyman TeAE)
 29694 | D:12     | Found a staircase to the Orcish Mines.
 30025 | Orc:1    | Entered Level 1 of the Orcish Mines
 30108 | Orc:1    | Lost mutation: You are completely covered in iridescent
                  | scales. (AC +6) [Jiyva's grace]
 30108 | Orc:1    | Lost mutation: You are mostly covered in iridescent scales.
                  | (AC +4) [Jiyva's grace]
 30108 | Orc:1    | Lost mutation: You are partially covered in iridescent
                  | scales. (AC +2) [Jiyva's grace]
 30108 | Orc:1    | Gained mutation: Your melee attacks may engulf your foes in
                  | ooze. [Jiyva's grace]
 30108 | Orc:1    | Gained mutation: You have acidic saliva. [Jiyva's grace]
 30108 | Orc:1    | Gained mutation: You are partially covered in iridescent
                  | scales. (AC +2) [Jiyva's grace]
 30108 | Orc:1    | Gained mutation: You are mostly covered in iridescent
                  | scales. (AC +4) [Jiyva's grace]
 30253 | Orc:1    | Found a radiant altar of Vehumet.
 30444 | Orc:2    | Entered Level 2 of the Orcish Mines
 30605 | Orc:2    | Found Hesathuo's General Store.
 30951 | Orc:2    | Found Luczayre's Antique Armour Shop.
 31070 | Orc:2    | Found a staircase to the Elven Halls.
 31118 | Orc:2    | Found Alyi's Antique Weapon Boutique.
 31626 | Orc:2    | Was placed under penance by Jiyva
 31778 | Orc:2    | Found Wiurop's Jewellery Boutique.
 32118 | Lair:2   | Upgraded the game from 0.29-a0-838-g385bb11a5b to
                  | 0.29-a0-872-g797fff5ad1
 32248 | D:12     | Learned a level 4 spell: Iskenderun's Mystic Blast
 32279 | D:12     | Killed Farfigtubin's ghost
 32314 | D:12     | Identified the +11 war axe of a volcano {drain, Int+3}
 32397 | D:13     | Found Qaducher's Book Emporium.
 32471 | D:13     | Noticed Josephine
 32481 | D:13     | Killed Josephine
 32491 | D:13     | Was forgiven by Jiyva
 33402 | D:14     | Lost mutation: You are mostly covered in iridescent scales.
                  | (AC +4) [Jiyva's grace]
 33402 | D:14     | Lost mutation: You are very robust. (+20% HP) [Jiyva's
                  | grace]
 33402 | D:14     | Lost mutation: Your movements are slightly less encumbered
                  | by armour. (ER -2) [Jiyva's grace]
 33402 | D:14     | Gained mutation: Your system is resistant to poisons.
                  | (rPois) [Jiyva's grace]
 33402 | D:14     | Gained mutation: You have a pair of small antennae on your
                  | head. [Jiyva's grace]
 33402 | D:14     | Gained mutation: You have a pair of antennae on your head.
                  | [Jiyva's grace]
 33402 | D:14     | Gained mutation: You have a pair of large antennae on your
                  | head. (SInv) [Jiyva's grace]
 33909 | D:14     | Found a gate to the Vaults.
 34044 | D:14     | Reached XP level 17. HP: 72/92 MP: 30/30
 34232 | D:15     | Entered Level 15 of the Dungeon
 34474 | D:15     | Reached skill level 10 in Stealth
 34620 | D:15     | Identified the +1 short sword "Ubiosiuq" {freeze, rC+
                  | Str+4}
 35171 | D:15     | Found a staircase to the Depths.
 35591 | Swamp:1  | Identified the amulet of Ugahiygi {Reflect +Blink SH+5}
 35823 | Swamp:1  | Killed from afar by a will-o-the-wisp

Illustrated notes

Levels and vault maps discovered:
D:1:      giann_horns, layout_basic
D:2:      cheibrodos_helix_gallery, layout_loops_corners,
          nicolae_ecumenical_snake_handling, eino_tiny_chamber
D:3:      layout_basic, fedhas_altar_fruit_tree, okawaru_trees_1,
          portal_sewer_entry_e, uniq_grinder
D:4:      layout_gridville, cheibrodos_ashenzari_chains,
          minmay_temple_entry_statues_pillars
D:5:      layout_rooms, kennysheep_little_box, grunt_dithmenos_smoke,
          mainiacjoe_overflow_cross_hatched, ebering_ghost_reflecting_pool,
          uniq_crazy_yiuf_cottage, uniq_sigmund, uniq_edmund, uniq_menkaure
D:6:      kb_forest_paths, layout_loops_corners
D:7:      layout_loops_cross, tgw_xom, grunt_temple_overflow_diamond
D:8:      layout_rooms, nicolae_overflow_hidden_temple,
          nicolae_ru_the_path_less_chosen, serial_shops, kennysheep_mini
D:9:      layout_roguey, due_lair_maze_entry_diamond
D:10:     layout_irregular_city, lemuel_zombie_altar_kikubaaqudgha,
          serial_shops, nicolae_square_shop
D:11:     layout_loops_ring, uniq_lodul
D:12:     layout_cave_pods, kennysheep_orc_monster_closet_entryway,
          serial_column_ruins, column_ruins_hut, column_ruins_open_small,
          column_ruins_corridor_straight, column_ruins_columns_T,
          column_ruins_open_tiny, column_ruins_open_tiny,
          gammafunk_ghost_necromancy
D:13:     layout_roguey, nicolae_wooded_promenade, uniq_josephine
D:14:     layout_basic, ximxim_vaults_locker_room
D:15:     grunt_enter_depths_magical_seal, layout_cave_pools
Temple:   nicolae_temple_figure_zero
Lair:1:   layout_chaotic_city, nicolae_lair_grazing_beasts
          [nicolae_sub_lair_graze_edge, nicolae_sub_lair_graze_edge,
          nicolae_sub_lair_graze_edge, nicolae_sub_lair_graze_edge],
          infiniplex_staircase_pool_2
Lair:2:   statuecave_lemuel, layout_gridlike, dummy_snake_entry, st_stairs_8,
          lemuel_fruit_fields, serial_bayou_shore_b, uniq_urug
Lair:3:   minmay_lair_oklob_tunnel, layout_regular_city, swamp_mist,
          st_stairs_3, wad_woods_01, serial_bayou_shore_b, grunt_megastairs_2
Lair:4:   layout_long_grid, minivault_11, st_stairs_5, uniq_rupert
Lair:5:   layout_concentric_octagons, dpeg_slime_entry_enclosed,
          grunt_megastairs_3
Lair:6:   gammafunk_lair_ancient_temple, layout_long_grid, st_stairs_4
Swamp:1:  layout_falls_marsh, evilmike_swamp_ruin_house_2
Snake:1:  cheibrodos_toxic_ritual, layout_gridlike, st_stairs_3,
          nicolae_snake_gridmaze_tees, nicolae_snake_snake_lake, drop_trap
Snake:2:  layout_gridlike, ebering_ghost_reflecting_pool, basic_altar,
          serial_shops, nicolae_diamond_shop, st_stairs_10,
          nicolae_shop_i_like_big_books, nicolae_snake_magic_snake_eye
Snake:3:  layout_chambers, st_stairs_6, lemuel_fruit_tree, minmay_shop_star,
          uniq_nikola
Snake:4:  grunt_snake_rune_serpentine_throne, layout_misc_corridors
Slime:1:  layout_caves
Slime:2:  layout_caves
Slime:3:  layout_caves
Slime:4:  layout_caves, cheibrodos_slime_lost_civilization_6, uniq_dissolution
Slime:5
Orc:1:    layout_diamond_mine, basic_altar
Orc:2:    grunt_orc_gardens, layout_caves, grunt_orc_garden, grunt_orc_garden,
          grunt_orc_garden, grunt_orc_garden

Skill      XL: |  1  2  3  4  5  6  7  8  9 10 11 12 13 14 15 16 17 |
---------------+----------------------------------------------------+-----
Hexes          | 4 5 7 8 11 13 14 15 16 | 16.5
Ranged Weapons | 3 4 5 6 8 9 11 13 16 | 16.0
Dodging        | 3 4 5 7 9 12 13 14 15 17 18 | 18.8
Fighting       | 1 2 3 4 6 7 |  7.0
Spellcasting   | 2 3 4 5 6 7 8 9 |  9.0
Fire Magic     | 1 2 3 |  3.0
Stealth        | 1 3 4 5 7 8 9 11 | 11.5
Short Blades   | 1 2 5 6 7 8 10 11 | 11.6
Throwing       | 1 |  1.0
Evocations     | 2 3 4 5 6 |  6.7
Translocations | 2 3 6 7 9 |  9.7
Armour         | 2 3 |  3.1
Conjurations   | 1 2 3 |  3.0

Action                   |  1- 3 |  4- 6 |  7- 9 | 10-12 | 13-15 | 16-18 || total
-------------------------+-------+-------+-------+-------+-------+-------++-------
Melee: Dagger            |     9 |   147 |    65 |       |    44 |     6 ||   271
       Punch             |       |     2 |     2 |     5 |     4 |     7 ||    20
       Short sword       |       |       |   127 |   174 |   396 |   479 ||  1176
       Kick              |       |       |    51 |    76 |   206 |   228 ||   561
       Bite              |       |       |     6 |     1 |       |    65 ||    72
       Pseudopods        |       |       |       |    43 |   137 |   162 ||   342
       Headbutt          |       |       |       |       |   109 |    16 ||   125
 Fire: Sling             |   179 |   121 |   204 |    25 |       |       ||   529
       Shortbow          |       |       |     1 |   578 |  1297 |   788 ||  2664
Throw: Stone             |     1 |       |     1 |     2 |       |       ||     4
       Dart              |       |     1 |    17 |    36 |     2 |     1 ||    57
       Throwing net      |       |       |       |     2 |       |       ||     2
       Boomerang         |       |       |       |       |       |     2 ||     2
 Cast: Slow              |    28 |    41 |    62 |    91 |    43 |    51 ||   316
       Inner Flame       |       |       |     4 |    19 |    20 |    41 ||    84
       Portal Projectile |       |       |       |    31 |    81 |    24 ||   136
       Cause Fear        |       |       |       |     4 |     9 |    10 ||    23
       Confusing Touch   |       |       |       |       |    15 |     3 ||    18
       Dazzling Flash    |       |       |       |       |     8 |    12 ||    20
       Passage of Golubr |       |       |       |       |     2 |     1 ||     3
       Iskenderun's Myst |       |       |       |       |       |    20 ||    20
Invok: Oozemancy         |       |       |     3 |     1 |     9 |     4 ||    17
       Slimify           |       |       |       |     1 |     1 |       ||     2
Evoke: Wand              |       |     1 |     1 |     5 |     8 |     1 ||    16
       Phial of floods   |       |       |       |     1 |     1 |       ||     2
       Tin of tremorston |       |       |       |       |     2 |     4 ||     6
  Use: Scroll            |     3 |     3 |     6 |     7 |    11 |     4 ||    34
       Potion            |       |       |     1 |     1 |     6 |     5 ||    13
 Stab: Sleeping          |       |     2 |     3 |     4 |     2 |     7 ||    18
       Confused          |       |       |       |     4 |    22 |     4 ||    30
       Invisible         |       |       |       |       |     5 |     9 ||    14
       Petrified         |       |       |       |       |       |     6 ||     6
       Petrifying        |       |       |       |       |       |     2 ||     2
       Distracted        |       |       |       |       |       |     1 ||     1
Armor: Robe              |     3 |    17 |     9 |       |       |       ||    29
       Steam dragon scal |       |       |       |    21 |    47 |    61 ||   129
Dodge: Dodged            |    56 |   152 |   129 |   215 |   515 |   433 ||  1500

Table legend: (Time is in decaauts)
 A = Elapsed time spent in this place.
 B = Non-inter-level travel time spent in this place.
 C = Inter-level travel time spent in this place.
 D = Time resting spent in this place.
 E = Time spent auto-exploring this place.
 F = Levels seen in this place.
 G = Mean time per level.
                   A        B        C        D        E       F      G
               +--------+--------+--------+--------+--------+-----+--------+
         Total |  24345 |  20901 |   3444 |   1890 |   9489 |  35 |  695.6 |
       Dungeon |  10575 |   9154 |   1421 |   1009 |   4515 |  15 |  705.0 |
        Temple |     79 |     73 |      6 |      0 |     69 |   1 |   79.0 |
          Lair |   6442 |   5238 |   1204 |    390 |   2219 |   6 | 1073.7 |
         Swamp |     30 |     30 |      0 |      0 |      0 |   1 |   30.0 |
     Snake Pit |   4946 |   4289 |    657 |    346 |   1819 |   4 | 1236.5 |
    Slime Pits |    364 |    301 |     63 |      0 |    254 |   5 |   72.8 |
  Orcish Mines |   1259 |   1171 |     88 |     92 |    459 |   2 |  629.5 |
         Sewer |    646 |    646 |      0 |     51 |    151 |   1 |  646.0 |
               +--------+--------+--------+--------+--------+-----+--------+

Top non-repeatable levels by time:
  Lair:1: 1504 daAuts
 Snake:4: 1450 daAuts
  Lair:3: 1417 daAuts
 Snake:2: 1206 daAuts
 Snake:3: 1183 daAuts
     D:6: 1116 daAuts
 Snake:1: 1106 daAuts
  Lair:4: 1047 daAuts
    D:12: 966 daAuts
  Lair:6: 949 daAuts
  Lair:2: 904 daAuts
     D:2: 852 daAuts
   Orc:2: 851 daAuts
     D:1: 795 daAuts
    D:15: 795 daAuts
